 Dungeon Crawl Stone Soup version 0.18.1-1-g2f07953 (webtiles) character file.

2191 Korgoth the Blocker (level 9, -15/79 HPs)
             Began as a Hill Orc Fighter on May 10, 2016.
             Killed from afar by a hellion (32 damage)
             ... with damnation
             ... on level 2 of the Abyss.
             The game lasted 01:05:19 (6960 turns).

Korgoth the Blocker (Hill Orc Fighter)              Turns: 6960, Time: 01:05:20

Health: -15/79     AC: 13    Str: 17 (20) XL:     9   Next: 33%
Magic:  9/9        EV:  4    Int:  9      God:
Gold:   294        SH: 16    Dex: 11      Spells: 0 memorised, 8 levels left

rFire  + . .     SeeInvis .     z - +3 mace
rCold  . . .     Gourm    .     x - +0 chain mail
rNeg   . . .     Faith    .     u - +1 large shield
rPois  .         Spirit   .     (no helmet)
rElec  .         Dismiss  .     I - +0 cloak
rCorr  +         Reflect  .     G - +0 pair of gloves
SustAt .         Harm     .     (no boots)
MR     .....                    (no amulet)
Stlth  ..........               y - ring of protection from fire
                                n - ring of resist corrosion

@: not resistant to hostile enchantments, extremely unstealthy
A: no striking features
a: no special abilities


You were on level 2 of the Abyss.
You were not hungry.

You visited 1 branch of the dungeon, and saw 9 of its levels.
You visited the Abyss 1 time.

You collected 294 gold pieces.

Inventory:

Hand Weapons
 b - a +0 whip of freezing
 z - a +3 mace (weapon)
Missiles
 s - 11 tomahawks (quivered)
Armour
 u - a +1 large shield (worn)
 x - a +0 chain mail (worn)
 G - a +0 pair of gloves (worn)
 I - a +0 cloak (worn)
Magical Staves
 a - an uncursed staff of power {unknown}
Jewellery
 e - an uncursed ring of flight
 n - a ring of resist corrosion (left hand)
 q - an uncursed ring of wizardry
 y - a ring of protection from fire (right hand)
Wands
 w - a wand of digging (3/24)
 D - a wand of acid (6/15)
 E - a wand of flame (25/48)
 F - a wand of flame (29/48)
Scrolls
 g - 5 scrolls of remove curse
 k - a scroll of fog
 m - a scroll of immolation
 o - a scroll of teleportation
 t - a scroll of enchant armour
Potions
 j - 3 potions of flight
 A - 2 potions of might
Books
 d - a book of Power

   Spells                             Type                      Level
   a - Fulminant Prism                Conjuration/Hexes            4
   b - Iskenderun's Mystic Blast      Conjuration                  4
   c - Venom Bolt                     Conjuration/Poison           5
   d - Bolt of Magma                  Conjuration/Fire/Earth       5
   e - Iron Shot                      Conjuration/Earth            6
   f - Orb of Destruction             Conjuration                  7
   g - Spellforged Servitor           Conjuration/Summoning        7
Comestibles
 f - 4 bread rations
 p - 4 fruits


   Skills:
 + Level 7.0 Fighting
   Level 1.5(4.9) Axes
 + Level 6.2(6.3) Maces & Flails
 + Level 7.3 Armour
 - Level 1.7 Dodging
 + Level 8.3 Shields


You had 8 spell levels left.
You didn't know any spells.

Dungeon Overview and Level Annotations

Branches:
Dungeon (9/15)             Temple (0/1) D:5
   Lair: D:8-11         Orc: D:9-12

Altars:
Gozag
Nemelex Xobeh
Qazlal
Trog
Vehumet

Shops:
D:4 [   D:5 =([(}

Annotations:
D:9 Psyche


Message History

A large abomination comes into view.
Found a quarterstaff.
A chaos spawn comes into view.
The chaos spawn growls angrily.
You block the chaos spawn's attack. You block the chaos spawn's attack.
A giant orange brain and a small abomination come into view.
The giant orange brain turns its gaze towards you.
The chaos spawn gores you but does no damage.
The rakshasa blinks!
A hellion comes into view.
The hellion gives a hideous shriek!
The hellion moves out of view.
The hellion gestures at you.
The damnation unfurls!
The damnation engulfs you!
* * * LOW HITPOINT WARNING * * *
The damnation engulfs the hellion.
The hellion completely resists.
The hellion gestures at you.
The damnation unfurls!
The damnation engulfs you!
You die...

....... ..
#.....##.#
.#.#....###.
..#.....#.# ##
#...#......
.$#.....#.#.#
.# .##.........
#..#.#.@..#...#
.....##..#....#
..#...32.#....
#.###......#.
#...x...###
#.#.G#...##
..###.#.##.#
#..#..#.#...# #
#. ......###


You could see a giant orange brain, a hellion, a chaos spawn and a small
abomination.

Vanquished Creatures
  Pikel (D:8)
  Maurice (D:8)
  Grum (D:9)
  An ogre (D:7)
  A phantom (D:4)
  2 wolves (D:9)
  A centaur (D:5)
  A giant frog (D:7)
  A small abomination (Abyss:2)
  A scorpion (D:4)
  3 howler monkeys
  2 crimson imps
  The ghost of Stolas the Firebug, a weakling DEFE (D:3)
  A centaur skeleton (D:5)
  3 hounds
  An orc wizard (D:4)
  A giant frog skeleton (D:4)
  Terence (D:3)
  An iguana (D:7)
  3 worker ants
  9 adders
  An ooze (D:2)
  An adder skeleton (D:4)
  An adder zombie (D:5)
  5 giant geckos
  7 orcs
  13 bats
  8 giant cockroaches
  11 goblins
  6 hobgoblins
  3 jackals (D:3)
  7 quokkas
  2 ball pythons
  A giant gecko skeleton (D:4)
  5 giant newts
  9 kobolds
  A quokka skeleton (D:4)
  9 rats
127 creatures vanquished.

Vanquished Creatures (others)
  A slave (D:8)
1 creature vanquished.

Grand Total: 128 creatures vanquished

Notes
Turn   | Place    | Note
--------------------------------------------------------------
     0 | D:1      | Korgoth the Hill Orc Fighter began the quest for the Orb.
     0 | D:1      | Reached XP level 1. HP: 19/19 MP: 1/1
   265 | D:1      | Reached XP level 2. HP: 19/27 MP: 2/2
   711 | D:2      | Reached XP level 3. HP: 33/33 MP: 3/3
  1134 | D:2      | Reached skill level 4 in Shields
  1134 | D:2      | Reached XP level 4. HP: 17/40 MP: 4/4
  2009 | D:3      | Noticed Stolas's ghost (weakling DEFE)
  2022 | D:3      | Killed Stolas's ghost
  2022 | D:3      | Reached skill level 1 in Dodging
  2022 | D:3      | Reached XP level 5. HP: 45/46 MP: 5/5
  2491 | D:3      | Noticed Terence
  2500 | D:3      | Killed Terence
  2727 | D:4      | Reached skill level 5 in Shields
  2727 | D:4      | Reached XP level 6. HP: 44/52 MP: 6/6
  2852 | D:4      | Reached skill level 1 in Axes
  2920 | D:4      | Noticed a phantom
  2951 | D:4      | Killed a phantom
  2951 | D:4      | Reached skill level 5 in Armour
  2951 | D:4      | Reached XP level 7. HP: 34/60 MP: 7/7
  3229 | D:4      | Found Anler's Armour Emporium.
  3252 | D:4      | Reached skill level 6 in Shields
  3977 | D:5      | Entered Level 5 of the Dungeon
  3983 | D:5      | Found Celemod's Armour Emporium.
  4001 | D:5      | Found a staircase to the Ecumenical Temple.
  4021 | D:5      | Found a stormy altar of Qazlal.
  4026 | D:5      | Found Ment's Weapon Emporium.
  4035 | D:5      | Found Uliklenu's Gadget Boutique.
  4180 | D:5      | Found Buschypp's Antique Weapon Emporium.
  4489 | D:5      | Found a radiant altar of Vehumet.
  4587 | D:5      | Found Hubymief's Jewellery Shoppe.
  4632 | D:5      | Found a bloodstained altar of Trog.
  5067 | D:7      | Found an opulent altar of Gozag.
  5067 | D:7      | Found a sparkling altar of Nemelex Xobeh.
  5769 | D:7      | Reached skill level 5 in Fighting
  5769 | D:7      | Reached XP level 8. HP: 55/68 MP: 8/8
  5804 | D:7      | Reached skill level 7 in Shields
  6032 | D:8      | Noticed Maurice
  6110 | D:8      | Killed Maurice
  6110 | D:8      | Reached skill level 5 in Maces & Flails
  6320 | D:8      | Noticed Pikel
  6348 | D:8      | Killed Pikel
  6348 | D:8      | Reached skill level 8 in Shields
  6348 | D:8      | Reached XP level 9. HP: 78/78 MP: 9/9
  6545 | D:9      | Noticed Grum
  6588 | D:9      | Killed Grum
  6613 | D:9      | Noticed Psyche
  6625 | D:9      | Cast into level 2 of the Abyss (Psyche)
  6683 | Abyss:2  | Noticed a worldbinder
  6710 | Abyss:2  | Noticed an elephant
  6784 | Abyss:2  | Noticed a worldbinder
  6827 | Abyss:2  | Noticed a bone dragon
  6858 | Abyss:2  | Noticed a rust devil
  6939 | Abyss:2  | Noticed a rakshasa
  6949 | Abyss:2  | Noticed a giant orange brain
  6955 | Abyss:2  | Noticed a hellion
  6960 | Abyss:2  | Killed from afar by a hellion

Skill      XL: |  1  2  3  4  5  6  7  8  9 |
---------------+----------------------------+-----
Armour         | 4 5 6 7 |  7.3
Shields        | 4 5 6 8 |  8.3
Fighting       | 4 5 6 7 |  7.0
Dodging        | 1 |  1.7
Maces & Flails | 3 4 5 6 |  6.2
Axes           | 1 |  1.5

Action                   |  1- 3 |  4- 6 |  7- 9 || total
-------------------------+-------+-------+-------++-------
Melee: Flail             |   111 |   158 |   285 ||   554
       War axe           |       |    63 |       ||    63
       Mace              |       |       |   234 ||   234
  Use: Scroll            |       |     4 |    14 ||    18
       Potion            |       |     1 |     9 ||    10
  Eat: Chunk             |     1 |     5 |     4 ||    10
       Beef jerky        |       |     1 |     1 ||     2
       Meat ration       |       |       |     2 ||     2
       Pizza             |       |       |     1 ||     1
Armor: Scale mail        |    48 |    29 |       ||    77
       Chain mail        |       |    84 |   267 ||   351
Dodge: Dodged            |    28 |    33 |    98 ||   159
Block: Shield            |    41 |       |       ||    41
       Large shield      |    19 |   210 |   581 ||   810
